 Dungeon Crawl Stone Soup version 0.26-a0-926-g43279f1ce9 (webtiles) character file.

Game seed: 16547661350245935357

3 Descartes the Vexing (level 1, -2/7 HPs)
             Began as a Felid Enchanter on Nov 26, 2020.
             Slain by a hobgoblin
             ... wielding a +0 club
              (5 damage)
             ... on level 1 of the Dungeon.
             The game lasted 00:01:00 (231 turns).

Descartes the Vexing (Felid Enchanter)               Turns: 231, Time: 00:01:00

Health: -2/7       AC:  1    Str:  4    XL:     1   Next: 41%
Magic:  4/4        EV: 18    Int: 16    God:
Gold:   25         SH:  0    Dex: 16    Spells: 4/4 levels left
                                        Lives:  0   Deaths: 0

rFire    . . .     SeeInvis +     - Unarmed
rCold    . . .     Faith    .   (shield unavailable)
rNeg     . . .     Spirit   .   (armour unavailable)
rPois    .         Reflect  .   (helmet unavailable)
rElec    .         Harm     .   (cloak unavailable)
rCorr    .         Rampage  .   (gloves unavailable)
MR       .....                  (boots unavailable)
Stlth    +++.......             (no amulet)
HPRegen  0.02/turn              (no ring)
MPRegen  0.09/turn              (no ring)

@: quick
A: very small, no armour, no weapons or thrown items, stealth, claws 1, fangs 3,
see invisible, speed 1, shaggy fur 1, sharp paws
a: no special abilities


You were on level 1 of the Dungeon.
You visited 1 branch of the dungeon, and saw 1 of its levels.

You collected 25 gold pieces.

Inventory:

Missiles
 b - 22 arrows
Scrolls
 c - a scroll of identify {unknown}
Potions
 a - a potion of heal wounds {unknown}


   Skills:
 + Level 2.7 Dodging
 + Level 4.3 Stealth
 + Level 1.0 Unarmed Combat
 - Level 2.0 Spellcasting
 + Level 4.4 Hexes


You had 4 spell levels left.
You didn't know any spells.
Your spell library contained the following spells:

 Spells                   Type           Power        Failure   Level
 Corona                   Hex            ###....      3%          1
 Confusing Touch          Hex            ###.....     10%         3
 Tukima's Dance           Hex            ###.....     10%         3
 Ensorcelled Hibernation  Hex/Ice        #.....       13%         2
 Dazzling Flash           Conj/Hex       #.....       26%         3


Dungeon Overview and Level Annotations

Branches:
Dungeon (1/15)

Altars:


Innate Abilities, Weirdness & Mutations

You cannot wear armour.
You are incapable of wielding weapons or throwing items.
Your paws allow you to move quietly. (Stealth)
You have sharp claws.
You have razor-sharp teeth.
You have supernaturally acute eyesight. (SInv)
You cover ground quickly.
You are covered in fur. (AC +1)
Your sharp claws are effective at attacking unaware monsters.


Message History

You scratch the hobgoblin but do no damage.
The hobgoblin misses you.
You scratch the hobgoblin.
The hobgoblin is lightly wounded.
The hobgoblin hits you with a +0 club.
Ouch! That really hurt!
You are too injured to fight recklessly!
You are too injured to fight recklessly!
You are too injured to fight recklessly!
You are too injured to fight recklessly!
You are too injured to fight recklessly!
A hobgoblin is nearby!
You don't know any spells.
There is an open door here.
The hobgoblin misses you.
You scratch the hobgoblin but do no damage.
The hobgoblin is lightly wounded.
The hobgoblin hits you with a +0 club.
Ouch! That really hurt!
You die...

######### #.......#
+.......# ####
#.......# #...
#.......# #...
#########g## #...
#.......#@# ##...
#.#####.#.# .# #....
#.#(......# #.# #....
#....##.###
##.######.### #######.#
..........# # #.####
##.#####..# # #....#
#.# #..###
#######.####.#####..#..
...................>#.#


You could see a hobgoblin.

Vanquished Creatures
  A bat (D:1)
  A giant cockroach (D:1)
  A kobold (D:1)
3 creatures vanquished.

Notes
Turn   | Place    | Note
-------+----------+-------------------------------------------
     0 | D:1      | Descartes the Felid Enchanter began the quest for the Orb.
     0 | D:1      | Reached XP level 1. HP: 7/7 MP: 4/4
   231 | D:1      | Slain by a hobgoblin

Illustrated notes

Levels and vault maps discovered:
D:1:      minmay_arrival_checkered_box, layout_basic, minmay_quantized

Action                   || total
-------------------------++-------
Melee: Unarmed           ||    15
 Stab: Sleeping          ||     1
Armor: Skin              ||     2
Dodge: Dodged            ||    13

Table legend: (Time is in decaauts)
 A = Elapsed time spent in this place.
 B = Non-inter-level travel time spent in this place.
 C = Inter-level travel time spent in this place.
 D = Time resting spent in this place.
 E = Time spent auto-exploring this place.
 F = Levels seen in this place.
 G = Mean time per level.
                   A        B        C        D        E       F      G
               +--------+--------+--------+--------+--------+-----+--------+
         Total |    205 |    205 |      0 |      0 |    170 |   1 |  205.0 |
       Dungeon |    205 |    205 |      0 |      0 |    170 |   1 |  205.0 |
               +--------+--------+--------+--------+--------+-----+--------+

Top non-repeatable levels by time:
     D:1: 205 daAuts
